 Dungeon Crawl Stone Soup version 0.29-a0-757-g358383bc75 (webtiles) character file.

Game seed: 9697348253868901509

55 crusatyr the Cutter (level 3, 0/29 HPs)
             Began as a Demonspawn Monk on July 1, 2022.
             Slain by a worm (9 damage)
             ... on level 2 of the Dungeon.
             The game lasted 00:01:22 (1689 turns).

crusatyr the Cutter (Demonspawn Monk)               Turns: 1689, Time: 00:01:23

Health: 0/29       AC:  5    Str: 13    XL:     3   Next: 67%
Magic:  3/3        EV: 12    Int: 11    God:
Gold:   30         SH:  0    Dex: 15    Spells: 2/2 levels left

rFire   . . .      SeeInvis .   a - +0 short sword
rCold   . . .      Faith    .   (no shield)
rNeg    . . .      Spirit   .   b - +0 robe
rPois   .          Reflect  .   (no helmet)
rElec   .          Harm     .   f - +0 cloak
rCorr   .          Rampage  .   (no gloves)
Will    .....                   (no boots)
Stlth   ++........              (no amulet)
HPRegen 0.09/turn               (no ring)
MPRegen 0.08/turn               (no ring)

@: no status effects
A: sharp scales 2
a: no special abilities


You were on level 2 of the Dungeon.
You visited 1 branch of the dungeon, and saw 2 of its levels.

You collected 30 gold pieces.

Inventory:

Hand Weapons
 a - a +0 short sword (weapon)
Missiles
 e - 30 stones (quivered)
Armour
 b - a +0 robe (worn)
 f - a +0 cloak (worn)
 k - a +0 chain mail
Scrolls
 d - 2 scrolls of vulnerability {unknown}
 h - a scroll of identify {unknown}
 i - a scroll of noise {unknown}
Potions
 c - a potion of ambrosia
 g - 2 potions of curing {unknown}
 j - a potion of brilliance {unknown}


   Skills:
 - Level 3.0 Fighting
 * Level 3.8 Short Blades
 - Level 2.6 Dodging
 + Level 2.6 Stealth


You had 2 spell levels left.
You didn't know any spells.
Your spell library contained the following spells:

 Spells                   Type           Power      Damage    Failure   Level
 Sublimation of Blood     Necr           0%         N/A       47%         2
 Petrify                  Tmut/Erth      0%         N/A       98%         4
 Irradiate                Conj/Tmut      0%         3d13      100%        5


Dungeon Overview and Level Annotations

Branches:
Dungeon (2/15)

Altars:


Innate Abilities, Weirdness & Mutations

You are mostly covered in razor-sharp scales. (AC +2, Slay +2)


Message History

The worm bites you.
You hit the worm.
The worm is moderately wounded.
You hit the worm.
The worm is severely wounded.
The worm bites you!
You are too injured to fight recklessly!
You are too injured to fight recklessly!
You are too injured to fight recklessly!
You are too injured to fight recklessly!
You are too injured to fight recklessly!
You are too injured to fight recklessly!
You are too injured to fight recklessly!
You are too injured to fight recklessly!
You are too injured to fight recklessly!
You are too injured to fight recklessly!
You are too injured to fight recklessly!
You are too injured to fight recklessly!
You are too injured to fight recklessly!
You are too injured to fight recklessly!
You are too injured to fight recklessly!
You are too injured to fight recklessly!
You are too injured to fight recklessly!
You are too injured to fight recklessly!
You are too injured to fight recklessly!
You are too injured to fight recklessly!
You are too injured to fight recklessly!
You are too injured to fight recklessly!
You are too injured to fight recklessly!
You are too injured to fight recklessly!
You are too injured to fight recklessly!
You barely miss the worm.
The worm is heavily wounded.
You hit the worm.
The worm is severely wounded.
The worm bites you!
You barely miss the worm.
The worm is severely wounded.
The worm bites you!
You die...

##..#######. .....
..$.# #...........
..... #.#.#
#...##......
.....#...###...##......
#...#.................
.............##......
#.#.....#...##......
#...........##.)....
.#.w@........#####.##
#.........>.........#
###.........#.#######
#........##.###
#.#.....#.....#
...>....##.###.#
###..######.# #.# ....
#.###.# ### #.)...#


You could see a worm.

Vanquished Creatures
  4 dart slugs
  An orc (D:2)
  4 endoplasms
  A giant cockroach (D:1)
  A hobgoblin (D:1)
  3 kobolds (D:1)
  2 quokkas
  3 ball pythons
  7 bats
  5 frilled lizards
  8 goblins
  3 rats (D:1)
42 creatures vanquished.

Notes
Turn   | Place    | Note
-------+----------+-------------------------------------------
     0 | D:1      | crusatyr the Demonspawn Monk began the quest for the Orb.
     0 | D:1      | Reached XP level 1. HP: 18/18 MP: 1/1
   241 | D:1      | Gained mutation: You are partially covered in razor-sharp
                  | scales. (AC +1, Slay +1) [demonic ancestry]
   241 | D:1      | Reached XP level 2. HP: 21/24 MP: 2/2
   543 | D:1      | Gained mutation: You are mostly covered in razor-sharp
                  | scales. (AC +2, Slay +2) [demonic ancestry]
   543 | D:1      | Reached XP level 3. HP: 29/29 MP: 3/3
  1689 | D:2      | Slain by a worm

Illustrated notes

Levels and vault maps discovered:
D:1:      lemuel_arrival_funnel, layout_loops_ring, serial_glass,
          glass_columns_a, glass_columns_b, chequers_big_river
D:2:      layout_loops_ring, serial_bayou_pond_e, minmay_box_of_dots

Skill      XL: |  1 |
---------------+----+-----
Stealth        | 2 |  2.6
Short Blades   | 3 |  3.8
Fighting       | |  3.0
Dodging        | |  2.6

Action                   || total
-------------------------++-------
Melee: Short sword       ||   124
       Punch             ||     1
 Stab: Sleeping          ||     9
Armor: Robe              ||    31
Dodge: Dodged            ||    51

Table legend: (Time is in decaauts)
 A = Elapsed time spent in this place.
 B = Non-inter-level travel time spent in this place.
 C = Inter-level travel time spent in this place.
 D = Time resting spent in this place.
 E = Time spent auto-exploring this place.
 F = Levels seen in this place.
 G = Mean time per level.
                   A        B        C        D        E       F      G
               +--------+--------+--------+--------+--------+-----+--------+
         Total |   1694 |   1670 |     24 |     91 |   1279 |   2 |  847.0 |
       Dungeon |   1694 |   1670 |     24 |     91 |   1279 |   2 |  847.0 |
               +--------+--------+--------+--------+--------+-----+--------+

Top non-repeatable levels by time:
     D:1: 1221 daAuts
     D:2: 473 daAuts
